 Dungeon Crawl Stone Soup version 0.23-a0-512-g50a8178 (webtiles) character file.

123 zishaf the Firebug (level 4, -2/24 HPs)
             Began as a Deep Elf Fire Elementalist on Dec 4, 2018.
             Killed by divine providence
             ... invoked by an orc priest
              (13 damage)
             ... on level 3 of the Dungeon.
             The game lasted 00:05:06 (2616 turns).

zishaf the Firebug (Deep Elf Fire Elementalist)     Turns: 2616, Time: 00:05:08

Health: -2/24      AC:  2    Str:  5    XL:     4   Next: 79%
Magic:  0/10       EV: 14    Int: 21    God:
Gold:   88         SH:  0    Dex: 15    Spells: 6/9 levels left

rFire    . . .     SeeInvis .   j - +0 great mace
rCold    . . .     Gourm    .   (shield currently unavailable)
rNeg     . . .     Faith    .   a - +0 robe
rPois    .         Spirit   .   (no helmet)
rElec    .         Reflect  .   (no cloak)
rCorr    .         Harm     .   (no gloves)
MR       .....                  (no boots)
Stlth    ++........             (no amulet)
HPRegen  0.08/turn              (no ring)
MPRegen  0.12/turn              (no ring)

@: no status effects
A: no striking features
a: no special abilities


You were on level 3 of the Dungeon.
You were not hungry.

You visited 1 branch of the dungeon, and saw 3 of its levels.

You collected 88 gold pieces.

Inventory:

Hand Weapons
 j - a +0 great mace (weapon)
Armour
 a - a +0 robe (worn)
Jewellery
 p - an uncursed ring of protection from fire
Wands
 b - a wand of polymorph (7)
Scrolls
 d - 2 scrolls of identify {unknown}
 f - a scroll of magic mapping {unknown}
 g - 2 scrolls of remove curse {unknown}
 h - 2 scrolls of enchant weapon {unknown}
 m - 2 scrolls of enchant armour {unknown}
Potions
 e - 2 potions of degeneration {unknown}
 i - 2 potions of lignification {unknown}
 k - a potion of curing {unknown}
 l - a potion of heal wounds {unknown}
 n - a potion of agility {unknown}
Comestibles
 c - 2 rations
 o - 6 chunks of flesh


   Skills:
 + Level 3.4 Dodging
 - Level 3.0 Stealth
 - Level 3.0 Spellcasting
 * Level 3.2 Conjurations
 * Level 4.4 Fire Magic


You had 6 spell levels left.
You knew the following spells:

 Your Spells              Type           Power        Failure   Level  Hunger
a - Flame Tongue          Conj/Fire      ###..        2%          1    None
b - Throw Flame           Conj/Fire      ###...       4%          2    ##.....

Your spell library contained the following spells:

 Spells                   Type           Power        Failure   Level  Hunger
 Conjure Flame            Conj/Fire      ###.....     9%          3    ###....
 Inner Flame              Hex/Fire       ##......     16%         3    ###....
 Sticky Flame             Conj/Fire      ###.....     26%         4    ####...
 Fireball                 Conj/Fire      ###.......   58%         5    ######.


Dungeon Overview and Level Annotations

Branches:
Dungeon (3/15)

Altars:
Kikubaaqudgha
Makhleb


Message History

Confirm with . or Enter, or press ? or * to list all spells.
Aiming: Flame Tongue (safe; 2% risk of failure)
Press: ? - help, Shift-Dir - straight line, f/p - orc wizard
Aim: an orc wizard, wielding a +0 dagger and wearing a +0 robe (lightly The flame tongue hits the orc wizard.
The orc wizard is almost dead.
The orc wizard gestures at you while chanting.
The puff of flame misses you.
Casting: Flame Tongue (safe; 2% risk of failure)
Confirm with . or Enter, or press ? or * to list all spells.
Aiming: Flame Tongue (safe; 2% risk of failure)
Press: ? - help, Shift-Dir - straight line, f/p - orc wizard
Aim: an orc wizard, wielding a +0 dagger and wearing a +0 robe (almost dead)
The flame tongue hits the orc wizard.
The orc wizard appears unharmed.
The orc wizard is almost dead.
The orc wizard hits you with a +0 dagger.
The orc priest calls down the wrath of Beogh upon you.
Beogh smites you!
Ouch! That really hurt!
You die...

#...........##...#
#...........##...#
#...........##...#
#...........##...#
#.......o...##...#
######..#)####...#
##.#o# #...# ###
#.o)####...######<###
##.o@(..>...........#
#..###....#......#.#
##.# #.##.#.######.#
#.. #....#........#
#.# ###############
#># ###


You could see an orc priest, 2 orc wizards and an orc.

Vanquished Creatures
  A worker ant zombie (D:2)
  5 adders
  An ooze (D:2)
  3 dart slugs
  A leopard gecko (D:2)
  2 orcs (D:3)
  2 ball pythons
  5 bats
  A giant cockroach (D:1)
  4 goblins
  11 hobgoblins
  2 jackals (D:1)
  6 kobolds
  A quokka (D:3)
  2 frilled lizards
  6 rats
53 creatures vanquished.

Notes
Turn   | Place    | Note
-------+----------+-------------------------------------------
     0 | D:1      | zishaf the Deep Elf Fire Elementalist began the quest for
                  | the Orb.
     0 | D:1      | Reached XP level 1. HP: 10/10 MP: 6/6
   276 | D:1      | Reached XP level 2. HP: 13/15 MP: 2/8
   330 | D:1      | Learned a level 2 spell: Throw Flame
   763 | D:2      | Reached XP level 3. HP: 19/19 MP: 0/9
  1108 | D:2      | Reached skill level 4 in Fire Magic
  1435 | D:2      | Reached XP level 4. HP: 17/24 MP: 1/10
  1636 | D:2      | Found an ancient bone altar of Kikubaaqudgha.
  1645 | D:2      | Noticed a sky beast
  2093 | D:2      | Found a burning altar of Makhleb.
  2093 | D:2      | Noticed a balrug
  2616 | D:3      | Killed from afar by an orc priest

Vault maps used:
D:1:      tarquinn_simple_flora_water_e, serial_bayou_pond_a,
          minmay_pentomino_t2
D:2:      lemuel_round_altar, makhleb_altar_promises_db, grunt_ministairs_1
D:3:      lemuel_round_altar, gup_sewer_entry_glass

Skill      XL: |  1  2  3  4 |
---------------+-------------+-----
Conjurations   | 2 3 |  3.2
Dodging        | 3 |  3.4
Stealth        | 3 |  3.0
Fire Magic     | 4 |  4.4
Spellcasting   | |  3.0

Action                   |  1- 3 |  4- 6 || total
-------------------------+-------+-------++-------
Melee: Unarmed           |     9 |       ||     9
       Great mace        |     5 |    13 ||    18
 Cast: Flame Tongue      |    41 |    27 ||    68
       Throw Flame       |    23 |    11 ||    34
 Stab: Sleeping          |     1 |       ||     1
  Eat: Chunk             |     2 |     4 ||     6
Armor: Robe              |     1 |     6 ||     7
Dodge: Dodged            |    11 |    18 ||    29

Table legend:
 A = Non-vault XP
 B = Vault XP
 C = Vault XP percentage of total XP
 D = Non-vault monster count
 E = Vault monster count
 F = Vault count percentage of total count
                 A         B        C        D         E       F
            +---------+---------+-------+---------+---------+-------
      Total |     159 |      17 |   9.7 |      50 |       3 |   5.7
            +---------+---------+-------+---------+---------+-------
        D:1 |      32 |       2 |   5.9 |      18 |       1 |   5.3
        D:2 |      89 |      15 |  14.4 |      18 |       2 |  10.0
        D:3 |      38 |       0 |   0.0 |      14 |       0 |   0.0
            +---------+---------+-------+---------+---------+-------
